 Dungeon Crawl Stone Soup version 0.25-a0-353-ged6d54792d (webtiles) character file.

Game seed: 14446089570573974620, levelgen mode: classic

11529 Borgoz the Basher (level 11, -1/71 HPs)
             Began as a Gargoyle Fighter on Jan 1, 2020.
             Was a Believer of Ashenzari.
             Slain by a komodo dragon (20 damage)
             ... on level 1 of the Lair of Beasts.
             The game lasted 00:23:25 (10350 turns).

Borgoz the Basher (Gargoyle Fighter)               Turns: 10350, Time: 00:23:26

Health: -1/71      AC: 24    Str: 26    XL:     11   Next: 79%
Magic:  11/11      EV: 16    Int:  9    God:    Ashenzari [**....]
Gold:   158        SH:  0    Dex: 15    Spells: 10/10 levels left

rFire    + . .     SeeInvis .   b - +1 quarterstaff (speed)
rCold    + . .     Gourm    .   (shield currently unavailable)
rNeg     + . .     Faith    .   E - +4 ring mail "Jonisoef" {Str+5 Dex+2}
rPois    ∞         Spirit   .   n - +2 hat
rElec    +         Reflect  .   (no cloak)
rCorr    .         Harm     .   l - +2 pair of gloves
MR       .....                  (no boots)
Stlth    +.........             u - amulet of regeneration
HPRegen  0.61/turn              j - ring of protection from cold
MPRegen  0.12/turn              K - ring of Hedaw {*Drain rPois rF+ Dex+2}

@: no status effects
A: negative energy resistance 1, electricity resistance, unbreathing,
petrification resistance, rot immunity, AC +8
a: Curse Item, Scrying, Renounce Religion


You were on level 1 of the Lair of Beasts.
You worshipped Ashenzari.
Ashenzari was pleased with you.
You were not hungry.

You visited 3 branches of the dungeon, and saw 13 of its levels.
You also visited: Sewer and Ossuary.

You collected 889 gold pieces.
You spent 731 gold pieces at shops.

Inventory:

Hand Weapons
 a - a +1 morningstar
 b - a +1 quarterstaff of speed (weapon)
Missiles
 v - 3 throwing nets (quivered)
Armour
 l - a +2 pair of gloves (worn)
 n - a +2 hat (worn)
 E - the +4 ring mail "Jonisoef" (worn) {Str+5 Dex+2}
   (You bought it in a shop on level 10 of the Dungeon)

   It affects your strength (+5).
   It affects your dexterity (+2).
 G - a +0 troll leather armour
Jewellery
 j - a ring of protection from cold (left hand)
 m - an uncursed amulet of the gourmand
 p - an uncursed amulet of harm
 u - an amulet of regeneration (around neck)
 J - an uncursed amulet of the acrobat
 K - the ring of Hedaw (right hand) {*Drain rPois rF+ Dex+2}
   (You found it on level 1 of the Lair of Beasts)

   [ring of poison resistance]

   It affects your dexterity (+2).
   It protects you from fire.
   It protects you from poison.
   It causes draining when unequipped.
Wands
 c - a wand of clouds (6)
 h - a wand of acid (14)
 i - a wand of polymorph (21)
 y - a wand of random effects (19)
 z - a wand of iceblast (6)
 A - a wand of disintegration (25)
 I - a wand of flame (22)
Scrolls
 e - 8 scrolls of remove curse
 g - 9 scrolls of teleportation
 k - 3 scrolls of amnesia
 s - 2 scrolls of enchant armour
 x - 6 scrolls of identify
 B - 2 scrolls of fog
 C - a scroll of enchant weapon
 H - a scroll of fear
Potions
 d - 2 potions of might
 o - 5 potions of curing
 q - 2 potions of haste
 t - a potion of agility
 w - 2 potions of brilliance
 D - 2 potions of heal wounds
 F - 2 potions of invisibility
Comestibles
 f - 18 rations
 r - 6 chunks of flesh


   Skills:
 + Level 9.5 Fighting
 * Level 11.6 Maces & Flails
 + Level 9.5 Armour
 * Level 7.1 Dodging
   Level 3.2 Shields


You had 10 spell levels left.
You didn't know any spells.
Your spell library contained the following spells:

 Spells                   Type           Power        Failure   Level  Hunger
 Infusion                 Chrm           #...         50%         1    ##.....
 Blink                    Tloc           N/A          65%         2    ###....
 Shroud of Golubria       Chrm/Tloc      #.....       65%         2    ###....
 Song of Slaying          Chrm           #.......     65%         2    ###....
 Gell's Gravitas          Tloc           #.........   86%         3    ####...
 Lesser Beckoning         Tloc           #.........   86%         3    ####...
 Regeneration             Chrm/Necr      #.........   86%         3    ####...
 Spectral Weapon          Hex/Chrm       #.......     86%         3    ####...
 Teleport Other           Tloc           #.......     86%         3    ####...
 Passage of Golubria      Tloc           N/A          99%         4    #####..


Dungeon Overview and Level Annotations

Branches:
Dungeon (11/15)            Temple (1/1) D:7            Lair (1/6) D:9
    Orc (0/2) D:10          Sewer (visited)         Ossuary (visited)

Altars:
Ashenzari
Cheibriados
Dithmenos
Elyvilon
Fedhas
Gozag
Hepliaklqana
Kikubaaqudgha
Makhleb
Nemelex Xobeh
Okawaru
Qazlal
Ru
Sif Muna
Trog
Uskayaw
Vehumet
Wu Jian
Xom
Yredelemnul
Zin
The Shining One

Shops:
D:6 (   D:10 [


Innate Abilities, Weirdness & Mutations

You are resistant to torment.
Your stone body is resilient. (AC +8)
You are immune to poison.
You resist negative energy. (rN+)
You are resistant to electric shocks. (rElec)
You can survive without breathing.
You are immune to petrification.
You are immune to rotting.


Message History

The komodo dragon is moderately wounded.
The komodo dragon bites you but does no damage.
You hit the komodo dragon.
The komodo dragon is moderately wounded.
You closely miss the komodo dragon.
The komodo dragon is moderately wounded.
The komodo dragon bites you!
You hit the komodo dragon.
The komodo dragon is moderately wounded.
The komodo dragon bites you!
* * * LOW HITPOINT WARNING * * *
Okay, then.
Okay, then.
Throwing (i - inventory)
v - 4 throwing nets (quivered)
Press: ? - help, Shift-Dir - straight line, f - komodo dragon
Aim: a komodo dragon (moderately wounded)
You throw a throwing net.
The throwing net barely misses the komodo dragon.
The komodo dragon bites you!!
You die...

....### #......
....#.#####...P# .#
........##....##### ..#
.....†..#.........##..#
P.....................#
......................
...#..............# , ,
.###....#.........#.#.##
# #.....###..###@......#
#.....# #..# #l......#
#.....#*#..#*........#
,........ #...##.......#
........ .....#.......#
...≈≈≈.*#.............#
,, , P.###......?... , ≈
*,, .(......# ,, ** *


You could see a komodo dragon.

Vanquished Creatures
  Harold (D:8)
  Erolcha (D:9)
  A two-headed ogre (D:11)
  Erica (D:8)
  An unseen horror (D:10)
  An ugly thing (D:11)
  An elephant (D:9)
  Psyche (D:10)
  3 kobold demonologists
  2 trolls (D:10)
  Grinder (D:5)
  A yak (D:9)
  A shadow (D:11)
  A vampire (D:8)
  A wraith (D:11)
  Grum (D:8)
  A hungry ghost (D:9)
  A basilisk (D:9)
  A porcupine (Lair:1)
  A sky beast (D:8)
  Purgy (Sewer)
  An orc warrior (D:10)
  A hornet zombie (D:10)
  A black bear (D:9)
  A necrophage (D:10)
  3 phantoms
  2 wolves
  2 ogres
  A crocodile (D:9)
  An elf zombie (Ossuary)
  Blork the orc (D:4)
  A big kobold (D:8)
  4 bullfrogs
  2 gnoll sergeants
  A water moccasin zombie (D:11)
  2 wyvern skeletons
  7 scorpions
  5 killer bees (D:9)
  3 howler monkeys (D:9)
  A centaur zombie (D:6)
  3 crimson imps
  A quasit (D:9)
  5 jellies
  2 iguanas (D:9)
  8 orc priests
  4 centaur skeletons
  6 hounds
  4 orc wizards
  Jessica (D:3)
  8 worker ants
  A big kobold zombie (Ossuary)
  2 hound zombies
  A hound skeleton (D:4)
  5 mummies
  12 gnolls
  A howler monkey skeleton (D:7)
  7 adders
  12 shadow imps
  A white imp (D:5)
  5 oozes (D:8)
  4 adder skeletons
  An adder zombie (Ossuary)
  7 worms
  4 dart slugs
  3 leopard geckos
  37 orcs
  6 giant cockroaches
  6 goblins
  9 hobgoblins
  6 jackals
  4 quokkas
  2 ball pythons
  7 bats
  5 frilled lizards
  A goblin zombie (Ossuary)
  2 hobgoblin zombies
  A jackal skeleton (D:6)
  2 jackal zombies (Ossuary)
  14 kobolds
  3 kobold zombies
  An orc zombie (Ossuary)
  A quokka zombie (D:9)
  7 rats
  A rat zombie (Ossuary)
287 creatures vanquished.

Notes
Turn   | Place    | Note
-------+----------+-------------------------------------------
     0 | D:1      | Borgoz the Gargoyle Fighter began the quest for the Orb.
     0 | D:1      | Reached XP level 1. HP: 14/14 MP: 1/1
   189 | D:1      | Reached XP level 2. HP: 19/19 MP: 2/2
   736 | D:2      | Reached XP level 3. HP: 23/23 MP: 3/3
   916 | D:2      | Reached skill level 3 in Maces & Flails
   945 | D:2      | Reached skill level 1 in Dodging
   998 | D:2      | Reached XP level 4. HP: 29/29 MP: 4/4
  1559 | D:3      | Noticed Jessica
  1565 | D:3      | Killed Jessica
  1565 | D:3      | Reached XP level 5. HP: 33/33 MP: 5/5
  1621 | D:3      | Reached skill level 4 in Maces & Flails
  1625 | D:3      | Reached XP level 6. HP: 24/38 MP: 6/6
  1740 | D:3      | Found a glowing drain.
  1798 | Sewer    | Entered a sewer
  1870 | Sewer    | Noticed Purgy
  1878 | Sewer    | Killed Purgy
  2118 | D:4      | Found a shattered altar of Ashenzari.
  2154 | D:4      | Became a worshipper of Ashenzari the Shackled
  2187 | D:4      | Noticed Blork the orc
  2195 | D:4      | Killed Blork the orc
  2195 | D:4      | Reached XP level 7. HP: 44/44 MP: 7/7
  2257 | D:4      | Reached skill level 5 in Maces & Flails
  2269 | D:4      | Found an ornate altar of the Wu Jian Council.
  2430 | D:4      | Reached skill level 5 in Armour
  2469 | D:4      | Reached skill level 5 in Fighting
  2647 | D:4      | Found a white marble altar of Elyvilon.
  2740 | D:4      | Found a basalt altar of Yredelemnul.
  2851 | D:5      | Entered Level 5 of the Dungeon
  2920 | D:5      | Found a blossoming altar of Fedhas.
  3242 | D:5      | Noticed Grinder
  3264 | D:5      | Paralysed by Grinder for 2 turns
  3270 | D:5      | Paralysed by Grinder for 7 turns
  3279 | D:5      | Killed Grinder
  3279 | D:5      | Reached skill level 6 in Maces & Flails
  3279 | D:5      | Reached XP level 8. HP: 38/50 MP: 8/8
  3713 | D:6      | Noticed a kobold demonologist
  3716 | D:6      | Found a transporter.
  3808 | D:6      | Found a glowing silver altar of Zin.
  3830 | D:6      | Found a transporter.
  3862 | D:6      | Found a sand-covered staircase.
  3868 | Ossuary  | Entered an ossuary
  4495 | D:6      | Reached * piety under Ashenzari
  4592 | D:6      | Found Bocliutu's Weapon Emporium.
  4663 | D:6      | Noticed a kobold demonologist
  4982 | D:7      | Reached skill level 7 in Maces & Flails
  5097 | D:7      | Found a staircase to the Ecumenical Temple.
  5258 | Temple   | Entered the Ecumenical Temple
  5914 | D:8      | Reached XP level 9. HP: 51/55 MP: 9/9
  6108 | D:8      | Noticed Grum
  6111 | D:8      | Noticed Erica
  6132 | D:8      | Killed Grum
  6132 | D:8      | Reached skill level 8 in Maces & Flails
  6284 | D:8      | Killed Erica
  6366 | D:8      | Reached skill level 9 in Maces & Flails
  6464 | D:8      | Reached XP level 10. HP: 63/63 MP: 10/10
  6486 | D:8      | Reached skill level 5 in Dodging
  6833 | D:8      | Found a snail-covered altar of Cheibriados.
  6866 | D:8      | Noticed Harold
  6885 | D:8      | Killed Harold
  7145 | D:9      | Reached skill level 10 in Maces & Flails
  7446 | D:9      | Found a stormy altar of Qazlal.
  7614 | D:9      | Reached ** piety under Ashenzari
  7663 | D:9      | Found a shimmering blue altar of Sif Muna.
  7663 | D:9      | Found a bloodstained altar of Trog.
  7663 | D:9      | Found a radiant altar of Vehumet.
  7682 | D:9      | Found a staircase to the Lair.
  7701 | D:9      | Noticed an elephant
  7716 | D:9      | Killed an elephant
  7967 | D:9      | Found a shimmering altar of Xom.
  7972 | D:9      | Found a shimmering altar of Xom.
  7979 | D:9      | Noticed Erolcha
  7988 | D:9      | HP: 1/65 [disintegration (23)]
  7998 | D:9      | Killed Erolcha
  7998 | D:9      | Reached XP level 11. HP: 6/69 MP: 11/11
  8378 | D:10     | Entered Level 10 of the Dungeon
  8455 | D:10     | Found a runed translucent door.
  8479 | D:10     | Found Xiyqee Luggu's Armour Shoppe.
  8550 | D:10     | Noticed Psyche
  8561 | D:10     | Killed Psyche
  8770 | D:10     | Found a staircase to the Orcish Mines.
  8990 | D:11     | Reached skill level 11 in Maces & Flails
  9372 | D:11     | Noticed a two-headed ogre
  9382 | D:11     | Killed a two-headed ogre
  9659 | D:11     | Noticed a white ugly thing
  9675 | D:11     | Killed a white ugly thing
  9784 | D:10     | Bought the +4 ring mail "Jonisoef" {Str+5 Dex+2} for 731
                  | gold pieces
  9965 | D:6      | Noticed a soul eater
 10179 | D:10     | Killed an unseen horror
 10281 | Lair:1   | Entered Level 1 of the Lair of Beasts
 10286 | Lair:1   | Identified the ring of Hedaw {*Drain rPois rF+ Dex+2}
 10350 | Lair:1   | Slain by a komodo dragon

Levels and vault maps discovered:
D:1:      tarquinn_simple_flora_water_f, layout_loops_ring
D:2:      layout_basic, hex_intersection, minmay_misc_feat_nine_boxes
D:3:      layout_rooms, gup_sewer_entry_glass, first_ration, st_stairs_14,
          uniq_jessica
D:4:      layout_gridville, kennysheep_ying_yang, evilmike_ruin_ashenzari,
          lemuel_round_altar, uniq_blork_the_orc
D:5:      layout_loops_cross, overflow_temple_1_default, minmay_fire_ice_demons,
          uniq_grinder
D:6:      gammafunk_wand_slinger, layout_cave_pods, kennysheep_little_box,
          nicolae_ossuary_entry_giza, serial_shops, shop_fountains
D:7:      layout_loops_ring, minmay_temple_entry_ruins
D:8:      layout_basic, old_standard_altar, hangedman_little_slice_of_home,
          uniq_grum, uniq_erica, uniq_harold
D:9:      layout_basic, xom_redecorated, grunt_qazlal_sundering,
          gammafunk_temple_overflow_forgotten, david_lair_generic, uniq_erolcha
D:10:     layout_basic, hiddenorc1_lemuel, serial_shops,
          nicolae_shop_waterfront, minmay_st_funbox, uniq_psyche
D:11:     layout_irregular_city, chequers_garden
Temple:   jpeg_temple_alley_garden
Lair:1:   layout_gridlike, lemuel_fruit_fields, lemuel_fruit_fields

Skill      XL: |  1  2  3  4  5  6  7  8  9 10 11 |
---------------+----------------------------------+-----
Maces & Flails | 3 4 6 7 9 10 11 | 11.6
Dodging        | 1 2 3 4 6 7 |  7.1
Armour         | 4 5 6 7 8 9 |  9.5
Fighting       | 4 5 6 7 8 9 |  9.5
Shields        | |  3.2

Action                   |  1- 3 |  4- 6 |  7- 9 | 10-12 || total
-------------------------+-------+-------+-------+-------++-------
Melee: Flail             |   107 |   163 |   320 |       ||   590
       Quarterstaff      |       |       |   119 |   128 ||   247
       Morningstar       |       |       |    21 |   458 ||   479
Throw: Throwing net      |       |       |     1 |     2 ||     3
Evoke: Wand              |       |       |       |     5 ||     5
  Use: Scroll            |       |     9 |    12 |     2 ||    23
       Potion            |       |       |     5 |     9 ||    14
 Stab: Invisible         |       |       |       |     2 ||     2
       Held in net/web   |       |       |       |     1 ||     1
  Eat: Chunk             |       |     5 |    10 |    25 ||    40
       Ration            |       |       |     1 |     1 ||     2
Armor: Scale mail        |    73 |   153 |   319 |       ||   545
       Plate armour      |       |       |    90 |   383 ||   473
       Ring mail         |       |       |       |    43 ||    43
Dodge: Dodged            |    55 |   138 |   425 |   318 ||   936

Table legend:
 A = Non-vault XP
 B = Vault XP
 C = Vault XP percentage of total XP
 D = Non-vault monster count
 E = Vault monster count
 F = Vault count percentage of total count
                 A         B        C        D         E       F
            +---------+---------+-------+---------+---------+-------
      Total |    8018 |    8453 |  51.3 |     201 |      86 |  30.0
            +---------+---------+-------+---------+---------+-------
        D:1 |      33 |       0 |   0.0 |      20 |       0 |   0.0
        D:2 |     129 |       0 |   0.0 |      27 |       0 |   0.0
        D:3 |     140 |      45 |  24.3 |      14 |       6 |  30.0
        D:4 |     341 |      99 |  22.5 |      22 |       1 |   4.3
        D:5 |     171 |     336 |  66.3 |       8 |       3 |  27.3
        D:6 |     310 |     911 |  74.6 |       9 |      12 |  57.1
        D:7 |     145 |     119 |  45.1 |       6 |       1 |  14.3
        D:8 |    1394 |    2427 |  63.5 |      31 |      12 |  27.9
        D:9 |    1363 |    1970 |  59.1 |      25 |       5 |  16.7
       D:10 |     558 |    2169 |  79.5 |      10 |      24 |  70.6
       D:11 |    3194 |       0 |   0.0 |      27 |       0 |   0.0
     Lair:1 |     240 |       0 |   0.0 |       2 |       0 |   0.0
      Sewer |       0 |     146 | 100.0 |       0 |       6 | 100.0
    Ossuary |       0 |     231 | 100.0 |       0 |      16 | 100.0
            +---------+---------+-------+---------+---------+-------
